 Dungeon Crawl Stone Soup version 0.30.1-3-gfc49f6343a (webtiles) character file.

Game seed: 14505543711743732907

3409 cdecastro the Transmogrifier (level 9, -9/88 HPs)
             Began as a Purple Draconian Transmuter on Aug 9, 2023.
             Was an Initiate of Gozag.
             Mangled by an acid dragon (15 damage)
             ... on level 8 of the Dungeon.
             The game lasted 00:22:34 (8347 turns).

cdecastro the Transmogrifier (DrTm)                 Turns: 8347, Time: 00:22:35

Health: -9/88      AC:  0    Str: 13    XL:     9   Next: 75%
Magic:  12/15      EV: 10    Int: 18    God:    Gozag
Gold:   460        SH:  0    Dex: 11    Spells: 1/16 levels left

rFire   x . .        b - melded +6 shortbow of the Lusting Coward {flame, rPois}
rCold   + + +        (shield currently unavailable)
rNeg    . . .        (body armour unavailable)
rPois   +            (helmet currently unavailable)
rElec   .            r - melded +1 cloak
rCorr   .            (gloves currently unavailable)
SInv    +            F - melded +0 pair of boots
Will    +....        (no amulet)
Stlth   +            u - ring of wizardry
HPRegen 0.34/turn    K - ring of see invisible
MPRegen 0.14/turn

%: wizardry (x1)
@: ice-form, corroded
A: freezing attack, amphibious, boosted hp, (breathe power), AC +7, large,
unfitting armour, (cold-blooded)
a: End Transformation, Renounce Religion, Potion Petition, Call Merchant, Bribe
Branch


You were on level 8 of the Dungeon.
You worshipped Gozag.
Gozag was aware of your devotion.
You were a creature of crystalline ice.
You visited 2 branches of the dungeon, and saw 9 of its levels.
You also visited: Bailey.

You collected 876 gold pieces.
You spent 362 gold pieces at shops.
You paid 54 gold pieces to Gozag.

Inventory:

Hand Weapons
 a - a +2 dagger of draining
 b - the +6 shortbow of the Lusting Coward (melded) {flame, rPois}
   (You found it on level 3 of the Dungeon)

   rPois:     It protects you from poison.
 i - a +2 short sword of protection
Missiles
 e - 2 poisoned darts
 y - 5 datura-tipped darts
 z - 5 javelins
 B - 3 silver javelins
 E - a silver boomerang
Armour
 r - a +1 cloak (melded)
 F - a +0 pair of boots (melded)
Magical Staves
 c - a staff of poison
Jewellery
 u - a ring of wizardry (left front paw)
 A - a ring of fire
 K - a ring of see invisible (right front paw)
Wands
 t - a wand of flame (15)
Scrolls
 d - 4 scrolls of teleportation
 f - a scroll of acquirement {unknown}
 g - 4 scrolls of enchant armour {unknown}
 j - 4 scrolls of magic mapping {unknown}
 k - 2 scrolls of blinking
 n - a scroll of noise {unknown}
 p - a scroll of enchant weapon {unknown}
 s - 2 scrolls of poison {unknown}
 x - 3 scrolls of identify
 C - a scroll of immolation {unknown}
 D - 4 scrolls of amnesia
 G - 2 scrolls of brand weapon {unknown}
 H - a scroll of vulnerability
 I - 2 scrolls of torment
Potions
 h - a potion of curing
 l - 2 potions of brilliance
 m - 2 potions of attraction
 o - 2 potions of lignification
 q - a potion of mutation
 v - a potion of haste
 w - a potion of flight
 J - a potion of invisibility


   Skills:
 - Level 5.2 Fighting
 - Level 1.7 Dodging
 + Level 3.0 Unarmed Combat
 - Level 4.0 Spellcasting
 - Level 5.0 Hexes
 - Level 12.0 Transmutations


You had one spell level left.
You knew the following spells:

 Your Spells              Type           Power      Damage    Failure   Level
a - Beastly Appendage     Tmut           92%        N/A       1%          1
b - Wereblood             Tmut           46%        N/A       1%          2
c - Spider Form           Tmut/Pois      25%        N/A       1%          3
d - Ice Form              Ice/Tmut       25%        N/A       4%          4
e - Yara's Violent Unrav  Hex/Tmut       17%        3d8       4%          5

Your spell library contained the following spells:

 Spells                   Type           Power      Damage    Failure   Level
 Necrotise                Necr           12%        1d4       6%          1
 Summon Small Mammal      Summ           12%        N/A       6%          1
 Inner Flame              Hex/Fire       12%        N/A       6%          3
 Summon Guardian Golem    Hex/Summ       12%        N/A       6%          3
 Blink                    Tloc           6%         N/A       9%          2
 Lesser Beckoning         Tloc           6%         N/A       9%          2
 Momentum Strike          Conj/Tloc      6%         3d8       9%          2
 Call Canine Familiar     Summ           3%         N/A       17%         3
 Hailstorm                Conj/Ice       3%         3d3       17%         3
 Vampiric Draining        Necr           3%         2d6       17%         3
 Agony                    Necr           3%         N/A       82%         5
 Enfeeble                 Hex            10%        N/A       99%         7
 Simulacrum               Ice/Necr       Unusable   N/A       N/A         6

Dungeon Overview and Level Annotations

Branches:
Dungeon (8/15)             Temple (1/1) D:5          Bailey (visited)
   Lair: D:8-11

Altars:
Ashenzari
Cheibriados
Dithmenos
Elyvilon
Fedhas
Gozag
Hepliaklqana
Kikubaaqudgha
Nemelex Xobeh
Okawaru
Qazlal
Ru
Sif Muna
Uskayaw
Vehumet
Wu Jian
Xom
Yredelemnul
Zin
The Shining One

Shops:
D:1 (   D:8 =

Annotations:
D:4 vault need dig


Innate Abilities, Weirdness & Mutations

You are a creature of crystalline ice.
You have a powerful freezing melee attack.
You are amphibious.
Your maximum health is increased.
Your armour is entirely melded.
You are incapable of wielding weapons or throwing items.
((You can breathe bolts of dispelling energy.))
((Your rich purple scales are hard. (AC +7)))
You cannot fit into any form of body armour.
((You are cold-blooded and may be slowed by cold attacks.))


Message History

The acid dragon is lightly wounded.
The acid dragon closely misses you.
The acid dragon claws you but does no damage.
You punch the acid dragon! You freeze the acid dragon.
The acid dragon is heavily wounded.
The acid dragon spits acid at you. The splash of acid hits you!!
* * * LOW HITPOINT WARNING * * *
The acid corrodes you!
You hit the acid dragon but do no damage.
The acid dragon is heavily wounded.
The acid dragon completely misses you. The acid dragon claws you.
* * * LOW HITPOINT WARNING * * *
You punch the acid dragon! You freeze the acid dragon.
The acid dragon is almost dead.
The acid dragon bites you!
* * * LOW HITPOINT WARNING * * *
The acid dragon barely misses you.
You barely miss the acid dragon.
The acid dragon is almost dead.
The acid dragon barely misses you. The acid dragon closely misses you.
You hit the acid dragon but do no damage.
The acid dragon is almost dead.
The acid dragon closely misses you. The acid dragon claws you.
* * * LOW HITPOINT WARNING * * *
You completely miss the acid dragon.
The acid dragon is almost dead.
The acid dragon spits acid at you. The splash of acid hits you!!
* * * LOW HITPOINT WARNING * * *
You hear a bellow!
You hit the acid dragon but do no damage.
The acid dragon is almost dead.
The acid dragon barely misses you. The acid dragon claws you.
* * * LOW HITPOINT WARNING * * *
You hit the acid dragon but do no damage.
The acid dragon is almost dead.
The acid dragon bites you!
You die...
Your body crumbles into a pile of gold.

.......####....#..##
##.###.#..∩......##
##.###.#.###..####
#......#.##...# ##
.....#.#.##.#.#### .
.##.)....#.......#.#
####....).....##.#.####
.##.........#.........#
...........##.##Y#.##..
#..........##.##D# #
##..#####........# ##..
....###.#### ....
#####.... #. #.....
#>....# # #.....# .
#..D...


You could see an acid dragon (catching breath).

Vanquished Creatures
  A two-headed ogre (D:8)
  Pikel (D:6)
  Grinder (D:3)
  An orc warrior (Bailey)
  An ice beast (D:7)
  2 black bears (D:6)
  2 centaurs
  A lemure (D:5)
  4 bullfrogs
  3 scorpions
  7 wights (D:8)
  A killer bee (D:7)
  2 howler monkeys (D:4)
  2 jellies
  2 orc priests
  A gnoll bouda (D:4)
  A sleepcap (D:4)
  5 hounds
  3 iguanas
  Ijyb (D:3)
  2 orc wizards (D:6)
  10 gnolls
  8 adders
  2 worms
  A dart slug (D:1)
  15 orcs
  3 ball pythons
  6 bats
  9 endoplasms
  A giant cockroach (D:2)
  16 goblins
  9 hobgoblins
  2 jackals (D:5)
  10 kobolds
  3 quokkas
  3 frilled lizards (D:1)
  7 rats
149 creatures vanquished.

Notes
Turn   | Place    | Note
-------+----------+-------------------------------------------
     0 | D:1      | cdecastro the Draconian Transmuter began the quest for the
                  | Orb.
     0 | D:1      | Reached XP level 1. HP: 16/16 MP: 3/3
   253 | D:1      | Reached XP level 2. HP: 23/23 MP: 3/5
   591 | D:1      | Reached skill level 3 in Transmutations
   871 | D:1      | Learned a level 2 spell: Wereblood
   985 | D:1      | Found Okhlil's Antique Weapon Boutique.
  1033 | D:1      | Found Keheliutt's Magic Scroll Shop.
  1036 | D:1      | Bought a scroll of teleportation for 33 gold pieces
  1036 | D:1      | Bought a scroll of identify for 22 gold pieces
  1188 | D:1      | Reached XP level 3. HP: 17/28 MP: 4/6
  1429 | D:2      | Reached skill level 4 in Transmutations
  1546 | D:2      | Reached XP level 4. HP: 34/35 MP: 5/7
  2147 | D:3      | Reached skill level 5 in Transmutations
  2196 | D:3      | Identified the +6 shortbow of the Lusting Coward {flame,
                  | rPois}
  2223 | D:3      | Learned a level 3 spell: Spider Form
  2463 | D:3      | Noticed Grinder
  2561 | D:3      | Reached XP level 5. HP: 40/40 MP: 8/8
  2672 | D:3      | Paralysed by Grinder for 5 turns
  2703 | D:3      | Killed Grinder
  2704 | D:3      | Reached skill level 6 in Transmutations
  2704 | D:3      | Reached XP level 6. HP: 44/47 MP: 9/9
  2717 | D:3      | Noticed Ijyb
  2728 | D:3      | Killed Ijyb
  2854 | D:4      | Reached skill level 7 in Transmutations
  2865 | D:4      | Found an opulent altar of Gozag.
  2879 | D:4      | Became a worshipper of Gozag Ym Sagoz the Greedy
  3353 | D:4      | Your scales start taking on a rich purple colour.
  3353 | D:4      | Reached XP level 7. HP: 41/52 MP: 6/10
  3486 | D:4      | Reached skill level 8 in Transmutations
  3514 | D:4      | Learned a level 4 spell: Ice Form
  3937 | D:5      | Entered Level 5 of the Dungeon
  4225 | D:5      | Found a staircase to the Ecumenical Temple.
  4243 | Temple   | Entered the Ecumenical Temple
  4726 | D:5      | Found a snail-covered altar of Cheibriados.
  4726 | D:5      | Found a hide-covered altar of Uskayaw.
  4727 | D:5      | Found a shimmering altar of Xom.
  4771 | D:5      | Found a basalt altar of Yredelemnul.
  4957 | D:6      | Noticed Pikel
  5138 | D:5      | Reached skill level 9 in Transmutations
  5577 | D:6      | Found a sacrificial altar of Ru.
  5582 | D:6      | Reached XP level 8. HP: 59/59 MP: 11/11
  5632 | D:6      | Killed Pikel
  5633 | D:6      | Reached skill level 10 in Transmutations
  5634 | D:6      | Reached skill level 11 in Transmutations
  5889 | D:6      | Found a blossoming altar of Fedhas.
  6183 | D:1      | Bought a scroll of blinking for 82 gold pieces
  6183 | D:1      | Bought a scroll of vulnerability for 44 gold pieces
  6183 | D:1      | Bought a scroll of teleportation for 33 gold pieces
  6183 | D:1      | Bought a scroll of amnesia for 44 gold pieces
  6183 | D:1      | Bought a scroll of torment for 104 gold pieces
  6368 | D:7      | Found a flagged portal.
  6408 | Bailey   | Entered a bailey
  6688 | Bailey   | Noticed an orc knight
  6905 | D:7      | Reached XP level 9. HP: 63/64 MP: 8/12
  6964 | D:7      | Reached skill level 12 in Transmutations
  7453 | D:7      | Learned a level 5 spell: Yara's Violent Unravelling
  7567 | D:8      | Reached skill level 1 in Hexes
  7822 | D:8      | Found a broken altar of Ashenzari.
  8026 | D:8      | Found a shadowy altar of Dithmenos.
  8060 | D:8      | Noticed a two-headed ogre
  8070 | D:8      | Killed a two-headed ogre
  8071 | D:8      | Reached skill level 5 in Hexes
  8071 | D:8      | Reached skill level 5 in Fighting
  8291 | D:8      | Found Erchy's Jewellery Shop.
  8313 | D:8      | Found a glowing golden altar of the Shining One.
  8347 | D:8      | Mangled by an acid dragon

Illustrated notes

Levels and vault maps discovered:
D:1:      beargit_arrival_greenhouse, layout_basic, serial_shops,
          nicolae_shop_rolled_up, nicolae_shop_hallway_stairs
D:2:      layout_rooms
D:3:      layout_basic, hex_tiny, uniq_grinder, uniq_ijyb
D:4:      nicolae_cairo_tiling_large, layout_basic, grunt_gozag_statues,
          serial_aquarium, aquarium_bridge_island_small
          [aquarium_subvault_small_water, aquarium_subvault_window,
          aquarium_subvault_wall, aquarium_subvault_bridge,
          aquarium_subvault_bridge], aquarium_bridge_long_joined
          [aquarium_subvault_wall, aquarium_subvault_balcony,
          aquarium_subvault_window, aquarium_subvault_window,
          aquarium_subvault_wall, aquarium_subvault_bridge],
          aquarium_window_fake, aquarium_window_corner, aquarium_window_2,
          aquarium_window_fake, aquarium_view_2f, aquarium_view_2d,
          aquarium_balcony_3b
D:5:      layout_basic, mainiacjoe_overflow_24_doors,
          gammafunk_temple_overflow_claw, minmay_temple_entry_slanted
D:6:      layout_cave_pools, mainiacjoe_overflow_alcove_4, kennysheep_mini_moat,
          minmay_hedge_maze, uniq_pikel
D:7:      layout_basic, enter_bailey_3
D:8:      layout_loops_cross, mainiacjoe_overflow_brackets, tso_oasis_becter,
          bloody_trog, nicolae_dithmenos_shadow_blocks, serial_shops, shop
Temple:   hellmonk_temple_rainy

Skill      XL: |  1  2  3  4  5  6  7  8  9 |
---------------+----------------------------+-----
Transmutations | 3 4 5 6 7 9 11 12 | 12.0
Spellcasting   | 4 |  4.0
Hexes          | 5 |  5.0
Fighting       | 5 |  5.2
Dodging        | |  1.7
Unarmed Combat | |  3.0

Action                     |  1- 3 |  4- 6 |  7- 9 || total
---------------------------+-------+-------+-------++-------
  Melee: Unarmed           |    40 |    13 |   170 ||   223
         Kick              |    13 |     9 |       ||    22
         Tailslap          |     9 |     3 |       ||    12
         Headbutt          |     8 |     6 |       ||    14
         Short sword       |    41 |     9 |       ||    50
         Dagger            |       |    21 |       ||    21
   Fire: Shortbow          |       |    62 |   117 ||   179
   Cast: Beastly Appendage |    18 |     8 |       ||    26
         Spider Form       |       |     4 |    13 ||    17
         Ice Form          |       |       |    15 ||    15
  Evoke: Wand              |       |       |     6 ||     6
    Use: Scroll            |       |     6 |     3 ||     9
         Potion            |       |       |     1 ||     1
   Stab: Sleeping          |     2 |     1 |       ||     3
 Armour: Skin              |    15 |    16 |    64 ||    95
  Dodge: Dodged            |    43 |    32 |   123 ||   198
